 Dungeon Sprint DCSS version 0.16-a0-4092-gb8933cd (console) character file.

72 Monkaria the Ruffian (level 4, -2/44 HPs)
             Began as a Ghoul Fighter on Feb 24, 2015.
             Was an Initiate of Makhleb.
             Slain by a gargoyle
             ... wielding a +0 flail
              (11 damage)
             ... in the Dungeon (Sprint IX: "|||||||||||||||||||||||||||||").
             The game lasted 00:01:55 (182 turns).

Monkaria the Ruffian (Ghoul Fighter)                 Turns: 182, Time: 00:01:56

Health: -2/44      AC: 11    Str: 24    XL:     4   Next: 26%
Magic:  3/3        EV:  9    Int:  4    God:    Makhleb [......]
Gold:   0          SH:  9    Dex:  8    Spells: 0 memorised, 3 levels left

rFire  . . .     SeeInvis .       - Unarmed
rCold  + . .     Clarity  .     r - +1 scale mail
rNeg   + + +     SustAb   .     c - +0 shield
rPois  ∞         Gourm    .     p - +0 helmet
rElec  .         Spirit   .     q - +0 cloak
rCorr  .         Warding  .     (no gloves)
rMut   .         NoTele   +     (no boots)
MR     .....                    (no amulet)
Stlth  ..........               s - +2 ring of evasion
                                t - +2 ring of protection

@: mighty, very slightly contaminated, rotting, hasted, very quick, not
resistant to hostile enchantments, extremely unstealthy
A: rotting body, claws 1, carnivore 3, cold resistance 1, negative energy
resistance 3, poison resistance, slow healing 1, torment resistance, unbreathing
a: Renounce Religion


You were in the Dungeon.
You worshipped Makhleb.
Makhleb was noncommittal.
You were not hungry.

You visited 1 branch

Inventory:

Hand weapons
 m - the +2 halberd of Weicur {venom, rElec rF+ MR+ Dex+3}
   (You found it in the Dungeon)

   It poisons the flesh of those it strikes.
   It affects your dexterity (+3).
   It protects you from fire.
   It insulates you from electricity.
   It affects your resistance to hostile enchantments.
 n - the +2 rapier of the Dozen Demons {flame, +Rage rElec rPois rF+ rC-}
   (You found it in the Dungeon)

   It has been specially enchanted to burn those struck by it, causing extra
   injury to most foes and up to half again as much damage against particularly
   susceptible opponents.
   It protects you from fire.
   It makes you vulnerable to cold.
   It insulates you from electricity.
   It protects you from poison.
   It lets you go berserk.
 o - a +2 vampiric scimitar
Armour
 c - a +0 shield (worn)
 p - a +0 helmet (worn)
 q - a +0 cloak (worn)
 r - a +1 scale mail (worn)
Jewellery
 s - a +2 ring of evasion (right claw)
 t - a +2 ring of protection (left claw)
Magical devices
 l - a wand of fire (7)
Scrolls
 i - 2 scrolls of blinking
 j - 3 scrolls of remove curse
 k - 2 scrolls of amnesia
Potions
 a - 5 potions of curing
 d - a potion of heal wounds
 g - 4 potions of magic
 h - a potion of invisibility


   Skills:
 - Level 6.0 Fighting
 - Level 2.6 Armour
 - Level 2.6 Shields
 * Level 7.4 Unarmed Combat


You had 3 spell levels left.
You didn't know any spells.

Dungeon Overview and Level Annotations

Branches:
Dungeon (1/1)

Altars:
Cheibriados
Dithmenos
Elyvilon
Fedhas
Gozag
Kikubaaqudgha
Makhleb
Nemelex Xobeh
Okawaru
Qazlal
Ru
Sif Muna
Trog
Vehumet
Xom
Yredelemnul
Zin
The Shining One
Beogh
Jiyva
Lugonu


Innate Abilities, Weirdness & Mutations

Your body is rotting away.
You thrive on raw meat.
You have sharp fingernails.
You are carnivorous and can eat meat at any time.
Your flesh is cold resistant.
You are immune to negative energy.
Your system is resistant to poisons.
You heal slowly when monsters are visible.
You are immune to unholy pain and torment.
You can survive without breathing.


Message History

You feel yourself speed up. The gargoyle hits you with a flail.
You are very lightly contaminated with residual magic.
Drink which item? (? for menu, Esc to quit)
You feel very mighty all of a sudden. The gargoyle hits you with a flail.
You scratch the gargoyle but do no damage.
The gargoyle is moderately damaged.
You scratch the gargoyle but do no damage.
The gargoyle is moderately damaged.
The gargoyle hits you with a flail!
You scratch the gargoyle but do no damage.
The gargoyle is moderately damaged.
You scratch the gargoyle but do no damage.
The gargoyle is moderately damaged.
The gargoyle hits you with a flail!
* * * LOW HITPOINT WARNING * * *
You scratch the gargoyle but do no damage.
The gargoyle is moderately damaged.
The phantom blinks!
The gargoyle hits you with a flail!
You die... ▓▓▓▓▓▓▓▓▓▓▓▓▓▓▓▓▓▓▓▓▓▓▓▓ ______'..|)....W@9F5l§.+ ▓▓▓▓▓▓▓▓▓▓▓▓▓▓▓▓▓▓▓▓▓▓▓▓

You could see a phantom, a gargoyle, a giant frog, an iguana and a shadow imp.

Vanquished Creatures
  A crimson imp (D)
  A hound (D)
  A giant cockroach (D)
  A goblin (D)
  A hobgoblin (D)
  A kobold (D)
  A quokka (D)
  2 bats (D)
  A giant newt (D)
  A rat (D)
11 creatures vanquished.

Notes
Turn   | Place    | Note
--------------------------------------------------------------
     0 | D        | Monkaria, the Ghoul Fighter, began the quest for the Orb.
     0 | D        | Reached XP level 1. HP: 19/19 MP: 1/1
    26 | D        | Reached skill level 4 in Fighting
    49 | D        | Noticed a crimson imp
    49 | D        | Noticed a hound
    67 | D        | Killed a hound
    67 | D        | Reached skill level 5 in Fighting
    67 | D        | Reached skill level 6 in Unarmed Combat
    67 | D        | Reached XP level 2. HP: 8/29 MP: 2/2
    67 | D        | Reached XP level 3. HP: 9/36 MP: 3/3
    75 | D        | Killed a crimson imp
    75 | D        | Reached skill level 7 in Unarmed Combat
    75 | D        | Reached XP level 4. HP: 9/44 MP: 3/3
    91 | D        | Found a glowing silver altar of Zin.
    91 | D        | Found a glowing golden altar of the Shining One.
    91 | D        | Found an ancient bone altar of Kikubaaqudgha.
    91 | D        | Found a basalt altar of Yredelemnul.
    91 | D        | Found a shimmering altar of Xom.
    91 | D        | Found a radiant altar of Vehumet.
    91 | D        | Found an iron altar of Okawaru.
    92 | D        | Found a burning altar of Makhleb.
    93 | D        | Found a deep blue altar of Sif Muna.
    94 | D        | Found a bloodstained altar of Trog.
    95 | D        | Found a sparkling altar of Nemelex Xobeh.
    96 | D        | Found a white marble altar of Elyvilon.
    97 | D        | Found a roughly hewn altar of Beogh.
    98 | D        | Found a viscous altar of Jiyva.
    99 | D        | Found a corrupted altar of Lugonu.
   100 | D        | Found a blossoming altar of Fedhas.
   101 | D        | Found a snail-covered altar of Cheibriados.
   103 | D        | Became a worshipper of Makhleb the Destroyer
   105 | D        | Found a shadowy altar of Dithmenos.
   106 | D        | Found a stormy altar of Qazlal.
   107 | D        | Found an opulent altar of Gozag.
   108 | D        | Found a sacrificial altar of Ru.
   126 | D        | Got the +2 halberd of Weicur {venom, rElec rF+ MR+ Dex+3}
   126 | D        | Got the +2 rapier of the Dozen Demons {flame, +Rage rElec rPois rF+ rC-}
   160 | D        | Noticed a gargoyle
   160 | D        | Noticed a giant frog
   160 | D        | Noticed a phantom
   160 | D        | Noticed an iguana
   182 | D        | Slain by a gargoyle

Action                   |  1- 3 |  4- 6 || total
-------------------------+-------+-------++-------
Melee: Unarmed           |    46 |    17 ||    63
  Use: Potion            |       |     4 ||     4
  Eat: Chunk             |     2 |     2 ||     4
